 Dungeon Crawl Stone Soup version 0.25-a0-1130-g3926558f3a (webtiles) character file.

Game seed: 8001189976861158299, levelgen mode: deterministic

163 Flugslaktarn the Shield-Bearer (level 5, -8/33 HPs)
             Began as a Gargoyle Fighter on May 19, 2020.
             Mangled by an ogre
             ... wielding a +0 giant club
              (23 damage)
             ... on level 4 of the Dungeon.
             The game lasted 00:06:01 (1048 turns).

Flugslaktarn the Shield-Bearer (Gargoyle Fighter)   Turns: 1048, Time: 00:06:01

Health: -8/33      AC: 13    Str: 21    XL:     5   Next: 44%
Magic:  5/5        EV:  7    Int:  8    God:
Gold:   88         SH:  9    Dex:  9    Spells: 4/4 levels left

rFire    . . .     SeeInvis .   d - +2 dagger (venom)
rCold    . . .     Gourm    .   c - +0 kite shield
rNeg     + . .     Faith    .   b - +0 scale mail
rPois    ∞         Spirit   .   (no helmet)
rElec    +         Reflect  .   h - +0 cloak
rCorr    .         Harm     .   l - +0 pair of gloves
MR       .....                  (no boots)
Stlth    ..........             (no amulet)
HPRegen  0.11/turn              (no ring)
MPRegen  0.09/turn              (no ring)

@: no status effects
A: negative energy resistance 1, electricity resistance, unbreathing,
petrification resistance, rot immunity, AC +4
a: no special abilities


You were on level 4 of the Dungeon.
You were not hungry.

You visited 1 branch of the dungeon, and saw 4 of its levels.
You also visited: Sewer.

You collected 88 gold pieces.

Inventory:

Hand Weapons
 a - a +0 war axe
 d - a +2 dagger of venom (weapon)
   (You took it off a kobold on level 2 of the Dungeon)
Armour
 b - a +0 scale mail (worn)
 c - a +0 kite shield (worn)
 h - a +0 cloak (worn)
   (You found it on level 1 of the Dungeon)
 l - a +0 pair of gloves (worn)
   (You found it on level 3 of the Dungeon)
Wands
 k - a wand of iceblast (9)
   (You found it on level 2 of the Dungeon)
 v - a wand of digging (4)
   (You took it off Ijyb on level 3 of the Dungeon)
Scrolls
 f - a scroll of remove curse
 g - a scroll of enchant armour {unknown}
 i - 3 scrolls of identify {unknown}
 j - 4 scrolls of teleportation
 p - a scroll of fog {unknown}
 s - a scroll of immolation {unknown}
 z - a scroll of blinking
Potions
 m - 2 potions of curing {unknown}
 n - 4 potions of degeneration {unknown}
 o - a potion of heal wounds {unknown}
 q - a potion of lignification {unknown}
Comestibles
 e - 3 rations
 r - a chunk of flesh


   Skills:
 + Level 4.1 Fighting
 * Level 3.4 Axes
 + Level 4.1 Armour
 + Level 4.1 Shields


You had 4 spell levels left.
You didn't know any spells.
Your spell library was empty.

Dungeon Overview and Level Annotations

Branches:
Dungeon (4/15)              Sewer (visited)
 Temple: D:4-7

Altars:
Ashenzari

Annotations:
D:3 Sigmund
D:4 3 runed translucent doors, kae's ghost, novice MfIE


Innate Abilities, Weirdness & Mutations

You are resistant to torment.
Your stone body is resilient. (AC +4)
You are immune to poison.
You resist negative energy. (rN+)
You are resistant to electric shocks. (rElec)
You can survive without breathing.
You are immune to petrification.
You are immune to rotting.


Message History

The mass of ice explodes!
The iceblast engulfs the ogre!
The ogre is moderately wounded.
The iceblast engulfs the frilled lizard!
You kill the frilled lizard!
You hear an angry hiss.
You hit the ogre but do no damage.
The ogre is poisoned.
The ogre is moderately wounded.
The ogre hits you with a +0 giant club.
An iguana comes into view.
Evoke which item? (* to show all) (? for menu, Esc to quit)
Aiming: Iceblast
Press: ? - help, Shift-Dir - straight line, f/p - ogre
Aim: an ogre, wielding a +0 giant club (moderately wounded, very poisoned)
The mass of ice explodes!
The iceblast engulfs the ogre!
The ogre is severely wounded.
You hit the ogre but do no damage.
The ogre is severely wounded.
The ogre hits you with a +0 giant club!!
Ouch! That really hurt!
You die...

##...##.#
#.#####.......#
....##.......###
#l#.#...........
#.#.#.........## .
#.#.#.#.....#.# ...
#.#.#.##.|.##.##
.....####.........###...
.......@O..##<##...##.##
...#######.##.#.###.#.#
#....#. .#.# #[.#... ..#
#..###.. #.# #?.# #.#
#.# #..# #. #. ##.#


You could see an ogre (very poisoned).

Vanquished Creatures
  An iguana (D:4)
  Ijyb (D:3)
  2 adders
  3 oozes (Sewer)
  5 worms
  2 dart slugs
  2 leopard geckos (D:2)
  4 giant cockroaches
  4 goblins
  3 hobgoblins (D:3)
  9 jackals
  A quokka (D:4)
  2 ball pythons
  5 bats
  9 frilled lizards
  5 kobolds
  4 rats
62 creatures vanquished.

Notes
Turn   | Place    | Note
-------+----------+-------------------------------------------
     0 | D:1      | Flugslaktarn the Gargoyle Fighter began the quest for the
                  | Orb.
     0 | D:1      | Reached XP level 1. HP: 14/14 MP: 1/1
   215 | D:2      | Reached XP level 2. HP: 16/19 MP: 2/2
   308 | D:2      | Reached XP level 3. HP: 23/23 MP: 3/3
   322 | D:2      | Found a shattered altar of Ashenzari.
   481 | D:3      | Found a glowing drain.
   490 | Sewer    | Entered a sewer
   589 | Sewer    | Reached XP level 4. HP: 29/29 MP: 4/4
   848 | D:3      | Noticed Ijyb
   857 | D:3      | Killed Ijyb
   857 | D:3      | Reached XP level 5. HP: 18/33 MP: 5/5
   874 | D:3      | Noticed Sigmund
  1013 | D:4      | Noticed an ogre
  1014 | D:4      | Found a runed translucent gate.
  1014 | D:4      | Found a runed translucent gate.
  1014 | D:4      | Found a runed translucent gate.
  1014 | D:4      | Noticed kae's ghost (novice MfIE)
  1048 | D:4      | Mangled by an ogre

Illustrated notes

Levels and vault maps discovered:
D:1:      mushboom_english_gardens, layout_basic
D:2:      minmay_diamond_boxcup, layout_basic, ashenzari_conservatory_becter,
          trog_butcher_becter
D:3:      layout_basic, cheibrodos_sewer_entry_drain, kennysheep_generic_room_7,
          uniq_sigmund, uniq_natasha, uniq_ijyb
D:4:      layout_loops_ring, ebering_ghost_rock_garden, serial_shops,
          kennysheep_mini

Skill      XL: |  1  2  3  4 |
---------------+-------------+-----
Axes           | 2 3 |  3.4
Fighting       | 4 |  4.1
Armour         | 4 |  4.1
Shields        | 4 |  4.1

Action                   |  1- 3 |  4- 6 || total
-------------------------+-------+-------++-------
Melee: War axe           |    59 |    78 ||   137
       Dagger            |    17 |     2 ||    19
Evoke: Wand              |       |     2 ||     2
  Use: Scroll            |     2 |     1 ||     3
       Potion            |     1 |       ||     1
  Eat: Chunk             |       |     1 ||     1
Armor: Scale mail        |    99 |    51 ||   150
Dodge: Dodged            |    40 |    41 ||    81
Block: Kite shield       |    96 |    62 ||   158

Table legend:
 A = Non-vault XP
 B = Vault XP
 C = Vault XP percentage of total XP
 D = Non-vault monster count
 E = Vault monster count
 F = Vault count percentage of total count
                 A         B        C        D         E       F
            +---------+---------+-------+---------+---------+-------
      Total |     135 |      98 |  42.1 |      41 |      21 |  33.9
            +---------+---------+-------+---------+---------+-------
        D:1 |       7 |       0 |   0.0 |       5 |       0 |   0.0
        D:2 |      39 |       0 |   0.0 |      15 |       0 |   0.0
        D:3 |      44 |      42 |  48.8 |      17 |       3 |  15.0
        D:4 |      45 |       0 |   0.0 |       4 |       0 |   0.0
      Sewer |       0 |      56 | 100.0 |       0 |      18 | 100.0
            +---------+---------+-------+---------+---------+-------
